 Dungeon Crawl Stone Soup version 0.25.1-2-g60ff931df9 (webtiles) character file.

Game seed: 2333758892943894082

52725 nicanaca0 the Severer (level 14, -2/193 HPs)
             Began as a Minotaur Berserker on Sept 27, 2020.
             Was a High Priest of Trog.
             Slain by a troll simulacrum (6 damage)
             ... in an ice cave.
             The game lasted 01:24:03 (21691 turns).

nicanaca0 the Severer (Minotaur Berserker)         Turns: 21691, Time: 01:24:03

Health: -2/193     AC: 31    Str: 29    XL:     14   Next: 28%
Magic:  13/13      EV:  2    Int:  7    God:    Trog [*****.]
Gold:   1292       SH: 16    Dex: 11    Spells: 13/13 levels left

rFire    + . .     SeeInvis .   T - +3 broad axe
rCold    + . .     Gourm    .   g - +3 kite shield {reflect}
rNeg     + + +     Faith    .   (armour currently unavailable)
rPois    +         Spirit   .   (helmet currently unavailable)
rElec    +         Reflect  +   (cloak currently unavailable)
rCorr    +         Harm     .   (gloves currently unavailable)
MR       +....     NoTele   +   (boots currently unavailable)
Stlth    +.........             y - amulet of regeneration
HPRegen  0.82/turn              S - +4 ring of protection
MPRegen  0.13/turn              u - +6 ring of strength

@: tree-form, resistant, slowed, very slow
A: (retaliatory headbutt)
a: Berserk, Trog's Hand, Brothers in Arms, Renounce Religion


You were in an ice cave.
You worshipped Trog.
Trog was extremely pleased with you.
You were not hungry.
You were a tree.
You visited 2 branches of the dungeon, and saw 18 of its levels.
You also visited: Bailey and Ice Cave.

You collected 1292 gold pieces.

Inventory:

Hand Weapons
 a - a +3 vampiric hand axe
 b - a +2 flail of holy wrath
 F - the +8 dire flail of Dim Light {holy, MP+9, unknown}
   (You found it in a bailey)

   It has been blessed by the Shining One to cause great damage to the undead
   and demons.
   It affects your magic capacity (+9).
 P - the +7 shortbow "Adybbad" {flame, rF- Str+9 Int-3 Dex+3}
   (You found it on level 6 of the Lair of Beasts)

   It causes projectiles fired from it to burn those they strike, causing extra
   injury to most foes and up to half again as much damage against particularly
   susceptible opponents.
   It affects your strength (+9).
   It affects your intelligence (-3).
   It affects your dexterity (+3).
   It makes you vulnerable to fire.
 T - a +3 broad axe (weapon)
Missiles
 h - 4 silver javelins
 s - 3 boomerangs
 t - 9 javelins (quivered)
 B - 2 throwing nets
 Q - 196 arrows
Armour
 d - a +2 plate armour of fire resistance
 g - a +3 kite shield of reflection (worn)
 p - a cursed +1 pair of gloves (melded)
 r - +0 steam dragon scales
 w - the +0 scale mail "Muxyaz" (melded) {-Cast rPois rCorr SInv}
   (You found it on level 4 of the Dungeon)

   It protects you from poison.
   It lets you see invisible.
   It prevents spellcasting.
   It provides partial protection from all sources of acid and corrosion.
 D - the +2 cloak of Amorality (melded) {SInv}
   (You acquired it on level 2 of the Lair of Beasts)

   It lets you see invisible.
 U - +0 acid dragon scales
Jewellery
 u - a +6 ring of strength (right branch)
 y - an amulet of regeneration (around neck)
 L - an uncursed amulet of faith
 S - a +4 ring of protection (left branch)
Wands
 e - a wand of iceblast (14)
 x - a wand of paralysis (17)
 H - a wand of flame (9)
 I - a wand of acid (15)
Scrolls
 l - 7 scrolls of remove curse
 m - 4 scrolls of identify
 n - 2 scrolls of enchant armour
 o - 4 scrolls of teleportation
 v - a scroll of magic mapping
 J - 2 scrolls of enchant weapon
 M - a scroll of blinking
Potions
 f - 4 potions of flight
 j - 3 potions of curing
 k - 4 potions of lignification
 q - a potion of mutation
 A - a potion of berserk rage
 G - a potion of might
 R - a potion of brilliance
Miscellaneous
 i - a box of beasts
 K - a lightning rod (4/4)
Comestibles
 c - 30 rations


   Skills:
 + Level 13.4 Fighting
 - Level 18.6 Axes
 + Level 11.9 Armour
 + Level 6.9 Dodging
 + Level 12.4 Shields


You had 13 spell levels left.
You didn't know any spells.
Your spell library was empty.

Dungeon Overview and Level Annotations

Branches:
Dungeon (12/15)            Temple (0/1) D:5            Lair (6/6) D:9
  Swamp (0/4) Lair:3       Spider (0/4) Lair:2        Slime (0/5) Lair:5
    Orc (0/2) D:12         Bailey (visited)           IceCv (1/1)

Altars:
Ashenzari
Dithmenos
Elyvilon
Kikubaaqudgha
Makhleb
Nemelex Xobeh
Okawaru
Qazlal
Ru
Yredelemnul
Zin
Beogh
Jiyva

Shops:
D:8 (   D:11 !!:(

Annotations:
D:5 1 runed translucent door


Innate Abilities, Weirdness & Mutations

((You reflexively headbutt those who attack you in melee.))
((You have a pair of horns on your head.))


Message History

* * * LOW HITPOINT WARNING * * *
You block the naga simulacrum's attack. The troll simulacrum bites you.
* * * LOW HITPOINT WARNING * * *
The troll simulacrum freezes you. You resist.
* * * LOW HITPOINT WARNING * * *
The troll simulacrum claws you but does no damage.
You block the troll simulacrum's attack.
The draconian simulacrum hits you but does no damage.
Unknown command.
Really quaff the potion of lignification?
You turn into a tree.
The +2 cloak of Amorality {SInv} melds into your body.
Your cursed +1 pair of gloves melds into your body.
The +0 scale mail "Muxyaz" {-Cast rPois rCorr SInv} melds into your body.
Your roots penetrate the ground.
The naga simulacrum hits you but does no damage.
You block the naga simulacrum's attack.
You block the troll simulacrum's attack.
The troll simulacrum claws you.
You die...

##...## #..##
#......##
##...####.##
##......#
##...##..#
##..#...##
##..#..####..###.)#
#.....# #..## #).#
##...## ##..######
##### ###..##
##.##..# ##Z♣.#..#
#.ZZ.#..#
......Z#...##
.......#..##
.....8##### ......
._.... ...... .....


You could see a naga simulacrum, an ogre simulacrum, a troll simulacrum and a
draconian simulacrum.

Vanquished Creatures
  Nessos (Lair:4)
  2 hydras
  Harold (Lair:1)
  A centaur warrior (D:11)
  10 death yaks
  Nergalle (Lair:1)
  Pikel (D:5)
  An ugly thing (D:11)
  5 black mambas
  27 spiny frogs
  Maurice (D:9)
  The ghost of nebnoj the Shield-Bearer, a novice MiFi (D:5)
  7 rime drakes
  6 komodo dragons
  10 freezing wraiths (IceCv)
  3 jumping spiders (Lair:2)
  6 tyrant leeches
  A hornet (D:12)
  4 polar bears
  18 blink frogs
  5 dream sheep (Lair:4)
  8 hippogriffs
  15 yaks
  A spriggan (D:7)
  A wraith (D:11)
  A vampire (D:12)
  5 redbacks (Lair:2)
  2 wyverns
  2 basilisks
  Grum (Lair:1)
  6 vampire mosquitoes (Lair:6)
  A steam dragon (Lair:4)
  Edmund (D:5)
  A swamp worm (Lair:3)
  An acid dragon (D:11)
  7 water moccasins
  Duvessa (D:7)
  10 orc warriors
  7 porcupines
  3 sky beasts
  A slave (D:5)
  2 black bears
  An alligator simulacrum (IceCv)
  5 ogres
  2 phantoms
  A necrophage (D:9)
  8 ice beasts
  4 centaurs (D:11)
  25 wolves
  11 crocodiles
  22 bullfrogs
  Dowan (D:7)
  4 killer bees (D:7)
  3 wights (D:6)
  2 electric eels (Lair:1)
  A howler monkey (D:4)
  5 crimson imps
  A quasit (D:10)
  4 hounds
  2 jellies
  3 orc priests
  4 orc wizards
  A bullfrog zombie (D:7)
  8 iguanas
  3 worker ants
  2 spriggan simulacra (IceCv)
  3 polar bear simulacra (IceCv)
  A troll simulacrum (IceCv)
  A hound skeleton (D:6)
  A hound zombie (D:5)
  11 gnolls
  A river rat (D:5)
  9 adders
  An ogre simulacrum (IceCv)
  A shadow imp (D:3)
  11 white imps (IceCv)
  An ooze (D:2)
  An adder skeleton (D:8)
  A worm (D:5)
  3 dart slugs
  5 leopard geckos
  60 orcs
  5 ball pythons
  6 bats
  9 giant cockroaches
  16 goblins
  6 hobgoblins
  5 jackals
  2 quokkas
  6 frilled lizards
  5 kobolds
  A leopard gecko zombie (D:7)
  2 quokka skeletons
  12 rats
  2 fungi
  A plant (Lair:6)
501 creatures vanquished.

Vanquished Creatures (collateral kills)
  A hydra (Lair:3)
  A two-headed ogre (D:11)
  An efreet (D:11)
  A hippogriff (D:11)
  3 swamp worms (Lair:3)
  An ogre simulacrum (IceCv)
  A white imp (IceCv)
9 creatures vanquished.

Vanquished Creatures (others)
  A slave (D:5)
  An orc priest (D:5)
  An orc wizard (D:5)
  An orc (D:5)
  15 fungi
  43 plants
62 creatures vanquished.

Grand Total: 572 creatures vanquished

Notes
Turn   | Place    | Note
-------+----------+-------------------------------------------
     0 | D:1      | nicanaca0 the Minotaur Berserker began the quest for the
                  | Orb.
     0 | D:1      | Reached XP level 1. HP: 19/19 MP: 0/0
   158 | D:1      | Reached skill level 4 in Axes
   161 | D:1      | Reached XP level 2. HP: 21/26 MP: 1/1
   368 | D:1      | Reached skill level 5 in Axes
   512 | D:1      | Reached ** piety under Trog
   557 | D:1      | Reached XP level 3. HP: 31/31 MP: 2/2
  1233 | D:2      | Noticed a bullfrog
  1238 | D:2      | Killed a bullfrog
  1238 | D:2      | Reached skill level 6 in Axes
  1238 | D:2      | Reached XP level 4. HP: 39/39 MP: 3/3
  1588 | D:2      | Found a sacrificial altar of Ru.
  1816 | D:3      | Reached XP level 5. HP: 43/45 MP: 4/4
  1819 | D:3      | Reached skill level 7 in Axes
  1982 | D:3      | Reached skill level 8 in Axes
  2334 | D:3      | Reached *** piety under Trog
  2546 | D:4      | Got a transparent scale mail
  2563 | D:4      | Reached XP level 6. HP: 52/52 MP: 5/5
  2830 | D:4      | Found a white marble altar of Elyvilon.
  2960 | D:5      | Entered Level 5 of the Dungeon
  2989 | D:5      | Identified the cursed +0 scale mail "Muxyaz" {-Cast rPois
                  | rCorr SInv} (You found it on level 4 of the Dungeon)
  3010 | D:5      | Noticed a slave
  3024 | D:5      | Noticed Pikel
  3027 | D:5      | Killed a slave
  3028 | D:5      | Noticed a slave
  3030 | D:5      | Noticed a slave
  3030 | D:5      | Noticed a slave
  3033 | D:5      | Killed Pikel
  3033 | D:5      | Reached skill level 5 in Fighting
  3033 | D:5      | Reached skill level 9 in Axes
  3033 | D:5      | Reached XP level 7. HP: 61/61 MP: 6/6
  3105 | D:5      | Found a staircase to the Ecumenical Temple.
  3109 | D:5      | Noticed Edmund
  3118 | D:5      | Killed Edmund
  3118 | D:5      | Reached skill level 10 in Axes
  3118 | D:5      | Reached XP level 8. HP: 70/70 MP: 7/7
  3270 | D:5      | Found a basalt altar of Yredelemnul.
  3293 | D:5      | Found a runed translucent door.
  3400 | D:5      | Noticed nebnoj's ghost (novice MiFi)
  3528 | D:5      | Reached skill level 5 in Armour
  3610 | D:5      | Found a runed translucent door.
  3805 | D:5      | Reached skill level 11 in Axes
  4038 | D:5      | Killed nebnoj's ghost
  4113 | D:6      | Reached XP level 9. HP: 79/79 MP: 8/8
  4252 | D:6      | Reached skill level 12 in Axes
  4661 | D:6      | Found a burning altar of Makhleb.
  5127 | D:7      | Reached skill level 1 in Shields
  5167 | D:7      | Reached **** piety under Trog
  5535 | D:7      | Noticed Dowan
  5542 | D:7      | Killed Dowan
  5543 | D:7      | Noticed Duvessa
  5557 | D:7      | Killed Duvessa
  5860 | D:7      | Found a sacrificial altar of Ru.
  6381 | D:8      | Found Aluqimm's Weapon Shop.
  6427 | D:8      | Found an ancient bone altar of Kikubaaqudgha.
  6489 | D:8      | Found a sparkling altar of Nemelex Xobeh.
  6554 | D:8      | Reached skill level 13 in Axes
  6806 | D:8      | Found a shattered altar of Ashenzari.
  6983 | D:8      | Found a roughly hewn altar of Beogh.
  6992 | D:8      | Reached skill level 5 in Shields
  6992 | D:8      | Reached XP level 10. HP: 90/90 MP: 9/9
  7376 | D:9      | Found an iron altar of Okawaru.
  7376 | D:9      | Found a stormy altar of Qazlal.
  7376 | D:9      | Found a shadowy altar of Dithmenos.
  7549 | D:9      | Noticed Maurice
  7567 | D:9      | Killed Maurice
  7697 | D:9      | Found a staircase to the Lair.
  7788 | D:10     | Entered Level 10 of the Dungeon
  7999 | D:10     | Reached ***** piety under Trog
  8594 | Lair:1   | Entered Level 1 of the Lair of Beasts
  8598 | Lair:1   | Noticed Grum
  8608 | Lair:1   | Killed Grum
  8612 | Lair:1   | Reached skill level 14 in Axes
  8693 | Lair:1   | Noticed a seven-headed hydra
  8705 | Lair:1   | Killed a seven-headed hydra
  9041 | Lair:1   | Noticed Harold
  9056 | Lair:1   | Killed Harold
  9107 | Lair:1   | Reached XP level 11. HP: 82/96 MP: 10/10
  9448 | Lair:1   | Reached skill level 15 in Axes
 10318 | Lair:1   | Noticed Nergalle
 10340 | Lair:1   | Killed Nergalle
 11066 | Lair:2   | Reached skill level 16 in Axes
 11748 | Lair:2   | Found a hole to the Spider Nest.
 12848 | Lair:2   | Identified 2 scrolls of acquirement
 12848 | Lair:2   | Acquired the +2 cloak of Amorality {SInv}
 13259 | Lair:3   | Reached XP level 12. HP: 57/103 MP: 11/11
 13260 | Lair:3   | Reached skill level 17 in Axes
 13682 | Lair:3   | Noticed a four-headed hydra
 13707 | Lair:3   | Killed a four-headed hydra
 14006 | Lair:3   | Noticed a four-headed hydra
 14062 | Lair:3   | Killed a four-headed hydra
 15003 | Lair:3   | Found a staircase to the Swamp.
 15135 | Lair:4   | You fall into a shaft and drop 2 floors!
 15135 | Lair:6   | Entered Level 6 of the Lair of Beasts
 15200 | Lair:6   | Noticed a death yak
 15201 | Lair:6   | Noticed a death yak
 15211 | Lair:6   | Noticed a death yak
 15247 | Lair:6   | Killed a death yak
 15251 | Lair:6   | Killed a death yak
 15251 | Lair:6   | Reached skill level 10 in Shields
 15260 | Lair:6   | Killed a death yak
 15260 | Lair:6   | Reached skill level 10 in Armour
 15451 | Lair:6   | Reached skill level 18 in Axes
 15473 | Lair:6   | Reached skill level 10 in Fighting
 15849 | Lair:4   | Reached XP level 13. HP: 94/113 MP: 12/12
 15990 | Lair:4   | Noticed Nessos
 16713 | Lair:4   | Killed Nessos
 17114 | Lair:5   | You fall into a shaft and drop 1 floor!
 17491 | Lair:5   | Found a staircase to the Slime Pits.
 17491 | Lair:5   | Found a viscous altar of Jiyva.
 17506 | Lair:5   | Received a gift from Trog
 17802 | Lair:5   | Reached skill level 5 in Dodging
 19432 | Lair:6   | Got a warped shortbow
 19549 | Lair:6   | Found a glowing silver altar of Zin.
 19944 | D:11     | Found Jes Heub's Book Shoppe.
 20035 | D:11     | Found a stormy altar of Qazlal.
 20117 | D:11     | Found Luistoi's Antique Weapon Emporium.
 20182 | D:11     | Reached XP level 14. HP: 100/127 MP: 13/13
 20336 | D:11     | Found Qypn's Distillery.
 20398 | D:11     | Received a gift from Trog
 20470 | D:11     | Found Epriav's Distillery.
 20594 | D:11     | Identified the +7 shortbow "Adybbad" {flame, rF- Str+9
                  | Int-3 Dex+3} (You found it on level 6 of the Lair of
                  | Beasts)
 20596 | D:11     | Acquired a +2 kite shield of reflection
 20860 | D:12     | Found a flagged portal.
 20876 | Bailey   | Entered a bailey
 21043 | Bailey   | Got a crystal dire flail
 21098 | D:12     | Found a frozen archway.
 21109 | IceCv    | Entered an ice cave
 21661 | IceCv    | Found an ancient bone altar of Kikubaaqudgha.
 21689 | IceCv    | HP: 3/129 [troll simulacrum (6)]
 21690 | IceCv    | HP: 1/129 [troll simulacrum (3)]
 21691 | IceCv    | Slain by a troll simulacrum

Illustrated notes

Levels and vault maps discovered:
D:1:      zelgadis_glass_arrival_small, layout_rooms
D:2:      layout_loops_ring, lemuel_coloured_pillars_altar
D:3:      layout_rooms
D:4:      layout_rooms, marbit_many_paths, first_ration
D:5:      layout_rooms, overflow_temple_1_default,
          minmay_temple_entry_from_below_a, ebering_ghost_sewer_f,
          lightli_corner_chamber, uniq_edmund, uniq_pikel
D:6:      layout_loops_cross, lemuel_doored_altar
D:7:      layout_basic, the_bakery, hangedman_ru_absence, uniq_duvessa
D:8:      layout_cave_pools, nemelex_xobeh_ov_fountains_minmay,
          overflow_temple_1_default, lemuel_crystal_altar, serial_shops, shop,
          special_room [special_room_orc]
D:9:      layout_big_octagon, gammafunk_temple_overflow_claw, uniq_maurice
D:10:     layout_loops_ring
D:11:     layout_gridville, serial_shops, shop, kennysheep_little_box,
          nicolae_shop_waterfront, shop, basic_altar
D:12:     layout_loops_ring, minmay_orc_entry_guard_dogs, portal_ice_cave_rime,
          enter_bailey_3, uniq_sonja
Lair:1:   layout_gridlike, serial_bayou_lake_a, uniq_harold, uniq_grum,
          uniq_nergalle
Lair:2:   layout_small_grid, nicolae_spider_entry_tight_spaces,
          grunt_megastairs_4
Lair:3:   layout_roguey, palyth_hydra_swamp_entry, minivault_25
Lair:4:   layout_gridlike, grunt_megastairs_3, serial_bayou_shore_b, uniq_nessos
Lair:5:   layout_layer_cave, slime_altar_1, infiniplex_staircase_pool_2,
          serial_bayou_shore_b
Lair:6:   minmay_lair_end_frog_pond, layout_concentric_octagons, basic_altar
IceCv:    ice_cave_small_necro

Skill      XL: |  1  2  3  4  5  6  7  8  9 10 11 12 13 14 |
---------------+-------------------------------------------+-----
Axes           | 4 5 6 8 9 10 11 13 14 16 18 | 18.6
Fighting       | 5 7 8 9 10 12 13 | 13.4
Armour         | 3 4 6 8 9 10 11 | 11.9
Shields        | 5 7 9 10 11 12 | 12.4
Dodging        | 6 |  6.9

Action                   |  1- 3 |  4- 6 |  7- 9 | 10-12 | 13-15 || total
-------------------------+-------+-------+-------+-------+-------++-------
Melee: Hand axe          |    79 |   127 |   283 |   691 |   496 ||  1676
       Headbutt          |    13 |    23 |    59 |   180 |   167 ||   442
       Flail             |       |       |       |    16 |       ||    16
       Broad axe         |       |       |       |       |   140 ||   140
Throw: Stone             |       |     1 |    79 |   125 |       ||   205
       Javelin           |       |       |       |    15 |    43 ||    58
       Boomerang         |       |       |       |     1 |     1 ||     2
       Throwing net      |       |       |       |       |     2 ||     2
Invok: Trog's Hand       |       |     2 |     3 |     2 |     3 ||    10
       Berserk           |       |     1 |     2 |     1 |       ||     4
       Brothers in Arms  |       |       |       |     3 |     2 ||     5
Evoke: Wand              |       |       |     6 |     9 |    10 ||    25
       Lightning rod     |       |       |       |     3 |       ||     3
  Use: Scroll            |       |       |     7 |    16 |    16 ||    39
       Potion            |       |       |     2 |     2 |     7 ||    11
 Stab: Paralysed         |       |       |     2 |     5 |       ||     7
  Eat: Chunk             |     1 |     6 |    16 |    18 |    18 ||    59
       Ration            |       |       |       |     4 |     1 ||     5
Armor: Animal skin       |    26 |       |       |       |       ||    26
       Plate armour      |     6 |    64 |       |       |       ||    70
       Scale mail        |       |       |    67 |   178 |   186 ||   431
       Skin              |       |       |       |       |     1 ||     1
Dodge: Dodged            |    57 |    57 |    93 |   227 |   210 ||   644
Block: Kite shield       |       |       |    49 |   202 |   398 ||   649
       Buckler           |       |       |       |    56 |       ||    56
       Reflection        |       |       |       |       |    12 ||    12
